 Dungeon Crawl Stone Soup version 0.30.1-1-g62c8e00024 (webtiles) character file.

Game seed: 7343948173082218349

81 Groucho the Skirmisher (level 4, -1/38 HPs)
             Began as a Gnoll Hunter on July 15, 2023.
             Succumbed to an adder's poison
             ... on level 2 of the Dungeon.
             The game lasted 00:01:49 (1320 turns).

Groucho the Skirmisher (Gnoll Hunter)               Turns: 1320, Time: 00:01:49

Health: -1/38      AC:  4    Str: 10    XL:     4   Next: 40%
Magic:  5/5        EV: 13    Int:  9    God:
Gold:   104        SH:  0    Dex: 17    Spells: 5/5 levels left

rFire   . . .        a - +0 shortbow
rCold   . . .        (shield currently unavailable)
rNeg    . . .        c - +0 leather armour
rPois   .            (no helmet)
rElec   .            d - +0 cloak
rCorr   .            (no gloves)
SInv    .            (no boots)
Will    .....        (no amulet)
Stlth   ++           (no ring)
HPRegen 0.26/turn    (no ring)
MPRegen 0.09/turn

%: no passive effects
@: lethally poisoned (-1 -> -7)
A: fangs 1, strong nose, distributed training
a: no special abilities


You were on level 2 of the Dungeon.
You visited 1 branch of the dungeon, and saw 2 of its levels.

You collected 104 gold pieces.

Inventory:

Hand Weapons
 a - a +0 shortbow (weapon)
Armour
 c - a +0 leather armour (worn)
 d - a +0 cloak (worn)
Scrolls
 b - a scroll of immolation
 g - a scroll of brand weapon {unknown}
 j - a scroll of silence {unknown}
Potions
 e - a potion of curing
 f - a potion of brilliance {unknown}
 h - a potion of berserk rage {unknown}
 i - a potion of haste {unknown}


   Skills:
 + Level 4.6 Fighting
 + Level 1.2 Short Blades
 + Level 1.2 Long Blades
 + Level 1.2 Axes
 + Level 1.2 Maces & Flails
 + Level 1.2 Polearms
 + Level 1.2 Staves
 + Level 8.6 Ranged Weapons
 + Level 1.2 Throwing
 + Level 1.2 Armour
 + Level 4.6 Dodging
 + Level 2.6 Stealth
 + Level 1.2 Shields
 + Level 1.2 Unarmed Combat
 + Level 1.2 Spellcasting
 + Level 1.0 Conjurations
 + Level 1.0 Hexes
 + Level 1.0 Summonings
 + Level 1.0 Necromancy
 + Level 1.0 Translocations
 + Level 1.0 Transmutations
 + Level 1.0 Fire Magic
 + Level 1.0 Ice Magic
 + Level 1.0 Air Magic
 + Level 1.0 Earth Magic
 + Level 1.0 Poison Magic
 + Level 1.3 Invocations
 + Level 1.2 Evocations


You had 5 spell levels left.
You didn't know any spells.
Your spell library contained the following spells:

 Spells                   Type           Power      Damage    Failure   Level
 Cigotuvi's Dreadful Rot  Necr/Pois/Air  4%         N/A       43%         2
 Dispel Undead            Necr           2%         3d7       97%         4
 Death Channel            Necr           1%         N/A       100%        6


Dungeon Overview and Level Annotations

Branches:
Dungeon (2/15)

Altars:

Annotations:
D:1 1 transporter
D:2 Robin


Innate Abilities, Weirdness & Mutations

You have very sharp teeth.
Your uncanny sense of smell can sniff out nearby items.
Your experience applies equally to all skills.


Message History

Found a scroll labelled MIAGGE WUXZESS.
You feel sick.
The goblin no longer looks unusually strong. x2
The adder bites you. The goblin hits you with a +0 club.
* * * LOW HITPOINT WARNING * * *
The adder barely misses you.
There is an escape hatch in the floor here.
Unknown command.
The goblin attacks as you move away! The goblin misses you.
You feel sick.
The goblin no longer looks unusually strong.
Robin roars a battlecry!
The goblins go into a battle-frenzy!
The goblin hits you with a +0 club.
* * * LOW HITPOINT WARNING * * *
The goblin hits you with a +0 club.
* * * LOW HITPOINT WARNING * * *
The goblin attacks as you move away! The goblin closely misses you.
The goblin attacks as you move away! The goblin hits you but does no damage.
* * * LOW HITPOINT WARNING * * *
You feel sick. Robin throws the goblin at you!
The goblin hits you but does no damage.
It was a potion of curing.
You feel better.
Robin roars a battlecry!
The goblin hits you with a +0 dagger.
* * * LOW HITPOINT WARNING * * *
The goblin barely misses you.
Unknown command.
Unknown command.
The goblin hits you with a +0 dagger.
* * * LOW HITPOINT WARNING * * *
The goblin barely misses you. The goblin closely misses you.
The goblin attacks as you move away! The goblin hits you with a +0 dagger.
* * * LOW HITPOINT WARNING * * *
The adder bites you.
* * * LOW HITPOINT WARNING * * *
The adder attacks as you move away! The adder bites you.
* * * LOW HITPOINT WARNING * * *
You are lethally poisoned!
The adder poisons you!
You die...

.###.# ####.##<....#
#.###.# .#...#
#....##+## #+# #.#
.#.### #######. #.#
.#.#.. ... #.#### ...#.#
#.# #..... ####.# #.# ..
#.#### # #.# #.#####..
#.# ####.# #.?...... #.#
.....# #@....... #.#
#.#..###### #........
#.# #.#...#... +gS......
#.# #.....#.# #gg......
#.# ...##...## #g.g.....
#.#
...+.....#######gg......
#.#
...#####.......gg.######
#.# ...# ###†.†..gg.#
#.# .. #........# #.#


You could see Robin, an adder, 2 hobgoblins and 8 goblins.

Vanquished Creatures
  Natasha (D:2)
  A gnoll (D:2)
  2 dart slugs (D:1)
  5 bats
  5 endoplasms
  A giant cockroach (D:1)
  4 hobgoblins
  6 kobolds
  3 quokkas
  4 ball pythons
  3 frilled lizards
  2 goblins
  5 rats
42 creatures vanquished.

Notes
Turn   | Place    | Note
-------+----------+-------------------------------------------
     0 | D:1      | Groucho the Gnoll Hunter began the quest for the Orb.
     0 | D:1      | Reached XP level 1. HP: 20/20 MP: 1/1
   148 | D:1      | Reached XP level 2. HP: 26/26 MP: 2/2
   323 | D:1      | Reached XP level 3. HP: 31/31 MP: 3/3
   766 | D:2      | Reached skill level 1 in Invocations
   951 | D:2      | Reached skill level 1 in Short Blades
   951 | D:2      | Reached skill level 1 in Long Blades
   951 | D:2      | Reached skill level 1 in Axes
   951 | D:2      | Reached skill level 1 in Maces & Flails
   951 | D:2      | Reached skill level 1 in Polearms
   951 | D:2      | Reached skill level 1 in Staves
   951 | D:2      | Reached skill level 1 in Throwing
   951 | D:2      | Reached skill level 1 in Armour
   951 | D:2      | Reached skill level 1 in Shields
   951 | D:2      | Reached skill level 1 in Unarmed Combat
   951 | D:2      | Reached skill level 1 in Spellcasting
   951 | D:2      | Reached skill level 1 in Evocations
   966 | D:2      | Noticed Natasha
   979 | D:2      | Killed Natasha
   980 | D:2      | Reached XP level 4. HP: 22/38 MP: 5/5
  1265 | D:2      | Reached skill level 1 in Conjurations
  1265 | D:2      | Reached skill level 1 in Hexes
  1265 | D:2      | Reached skill level 1 in Summonings
  1265 | D:2      | Reached skill level 1 in Necromancy
  1265 | D:2      | Reached skill level 1 in Translocations
  1265 | D:2      | Reached skill level 1 in Transmutations
  1265 | D:2      | Reached skill level 1 in Fire Magic
  1265 | D:2      | Reached skill level 1 in Ice Magic
  1265 | D:2      | Reached skill level 1 in Air Magic
  1265 | D:2      | Reached skill level 1 in Earth Magic
  1265 | D:2      | Reached skill level 1 in Poison Magic
  1295 | D:2      | Noticed Robin
  1320 | D:2      | HP: 1/38 [adder (2)]
  1320 | D:2      | Succumbed to an adder's poison

Illustrated notes

Levels and vault maps discovered:
D:1:      spicycebolla_arrival_risky_transporter, layout_loops_ring,
          minmay_pentomino_p4
D:2:      layout_basic, uniq_natasha, uniq_robin

Skill      XL: |  1  2  3  4 |
---------------+-------------+-----
Invocations    | 1 |  1.3
Short Blades   | 1 |  1.2
Long Blades    | 1 |  1.2
Axes           | 1 |  1.2
Maces & Flails | 1 |  1.2
Polearms       | 1 |  1.2
Staves         | 1 |  1.2
Throwing       | 1 |  1.2
Armour         | 1 |  1.2
Shields        | 1 |  1.2
Unarmed Combat | 1 |  1.2
Spellcasting   | 1 |  1.2
Evocations     | 1 |  1.2
Conjurations   | 1 |  1.0
Hexes          | 1 |  1.0
Summonings     | 1 |  1.0
Necromancy     | 1 |  1.0
Translocations | 1 |  1.0
Transmutations | 1 |  1.0
Fire Magic     | 1 |  1.0
Ice Magic      | 1 |  1.0
Air Magic      | 1 |  1.0
Earth Magic    | 1 |  1.0
Poison Magic   | 1 |  1.0
Fighting       | |  4.6
Ranged Weapons | |  8.6
Dodging        | |  4.6
Stealth        | |  2.6

Action                     |  1- 3 |  4- 6 || total
---------------------------+-------+-------++-------
   Fire: Shortbow          |    74 |    11 ||    85
    Use: Potion            |       |     1 ||     1
 Armour: Leather armour    |     4 |    15 ||    19
  Dodge: Dodged            |    14 |    24 ||    38
